 Dungeon Crawl Stone Soup version 0.21-a0-221-gfe971b9 (webtiles) character file.

122 Gorglomux the Skirmisher (level 5, -1/46 HPs)
             Began as a Hill Orc Earth Elementalist on Aug 26, 2017.
             Slain by a sky beast (6 damage)
             ... on level 3 of the Dungeon.
             The game lasted 00:05:37 (2858 turns).

Gorglomux the Skirmisher (HOEE)                     Turns: 2858, Time: 00:05:38

Health: -1/46      AC:  7    Str: 17    XL:     5   Next: 6%
Magic:  7/7        EV:  8    Int: 15    God:
Gold:   159        SH:  7    Dex: 11    Spells: 6/7 levels left

rFire    . . .     SeeInvis .   C - +0 hand axe (chop)
rCold    . . .     Gourm    .   t - +0 shield
rNeg     . . .     Faith    .   r - +0 acid dragon scales
rPois    .         Spirit   .   y - +0 helmet (curse)
rElec    .         Reflect  .   (no cloak)
rCorr    +         Harm     .   (no gloves)
MR       .....                  (no boots)
Stlth    +.........             (no amulet)
HPRegen  0.15/turn              (no ring)
MPRegen  0.10/turn              (no ring)

@: mighty, drained
A: no striking features
a: no special abilities


You were on level 3 of the Dungeon.
You were not hungry.

You visited 1 branch of the dungeon, and saw 4 of its levels.

You collected 159 gold pieces.

Inventory:

Hand Weapons
 C - a +0 hand axe of chopping (weapon)
Missiles
 b - 89 stones (quivered)
Armour
 r - +0 acid dragon scales (worn)
 t - a +0 shield (worn)
 y - a cursed +0 helmet (worn)
Scrolls
 h - a scroll of teleportation {unknown}
 j - a scroll of recharging {unknown}
 k - a scroll of enchant armour {unknown}
 l - a scroll of amnesia {unknown}
 p - 3 scrolls of remove curse {unknown}
 A - a scroll of magic mapping {unknown}
 E - a scroll of enchant weapon {unknown}
Potions
 g - a potion of might
 i - 2 potions of agility
 q - a potion of cancellation
 s - 3 potions of degeneration
 u - a potion of flight
 B - a potion of brilliance {unknown}
 F - a potion of magic {unknown}
Books
 e - a book of Geomancy

   Spells                             Type                      Level
   a - Sandblast                      Earth                        1
   b - Passwall                       Transmutation/Earth          2
   c - Stone Arrow                    Conjuration/Earth            3
   d - Petrify                        Transmutation/Earth          4
   e - Lee's Rapid Deconstruction     Earth                        5
Comestibles
 d - 3 bread rations
 o - 6 fruits
 x - 5 royal jellies
 z - a meat ration
 D - a chunk of flesh


   Skills:
 + Level 4.1(3.0) Fighting
 + Level 3.6(2.4) Axes
 - Level 1.5(0.5) Dodging
 - Level 1.5(0.5) Stealth
 - Level 1.5(0.5) Spellcasting
   Level 0.6(0.0) Transmutations
 - Level 3.0(1.9) Earth Magic


You had 6 spell levels left.
You knew the following spells:

 Your Spells              Type           Power        Failure   Level  Hunger
a - Sandblast             Erth           #.....       75%         1    ##.....


Dungeon Overview and Level Annotations

Branches:
Dungeon (4/15)
 Temple: D:4-7

Altars:
Ashenzari
Kikubaaqudgha
Qazlal


Message History

There is a stone staircase leading down here!
Butt see here a butt purple potion!
F - a smoky purple butt The sky beast hits you but does no damage!
You block the sky beast's attack!
The sky beast flickers out of sight!!!
Deactivating autopickup; reactivate with Ctrl-A!
Butt feel very mighty all of a sudden!
Something hits you! Something shocks you!
You miss something! Something hits you but does no damage!
You barely miss something! Something hits you! Something shocks you!
You open something like a pillowcase!!! Something hits you but does no damage!
Something hits you! Something shocks you!
You cut butt into ribbons!!! Something hits you! Something shocks you!
You miss something! Something butts you! Something shocks you! * * * don't die
* * * You miss something!
Something hits you! * * * don't die
* * * Something butts you! rip

##........##.#.#.#..###.)....
#....................##Y.....
#..........###...#...........
#......>...# #.......<#......
#..........# #.....##........
#..........###...............
##..........#...##...........
##.........#..###..........#
#.........@<..............#
#............>.............
#.........................#
#................#......###
#................####...#
#.........######## #####
#.........# #.........#
###########


There were no monsters in sight!

Vanquished Creatures
  5 adders
  A dart slug (D:1)
  A worm (D:3)
  3 leopard geckos
  5 orcs (D:3)
  A ball python (D:3)
  5 bats
  2 giant cockroaches
  9 hobgoblins
  3 jackals
  5 kobolds
  2 quokkas (D:3)
  4 frilled lizards (D:1)
  7 goblins
  10 rats
63 creatures vanquished.

Notes
Turn   | Place    | Note
-------+----------+-------------------------------------------
     0 | D:1      | Gorglomux the Hill Orc Earth Elementalist began the quest for the Orb.
     0 | D:1      | Reached XP level 1. HP: 14/14 MP: 3/3
    94 | D:1      | Reached skill level 1 in Fighting
   119 | D:1      | Reached XP level 2. HP: 17/24 MP: 2/4
   160 | D:1      | Reached skill level 2 in Fighting
   727 | D:1      | Reached skill level 1 in Axes
   869 | D:2      | Found a shattered altar of Ashenzari.
   871 | D:2      | Found a stormy altar of Qazlal.
   925 | D:2      | Reached XP level 3. HP: 28/30 MP: 5/5
  1132 | D:2      | Reached skill level 3 in Fighting
  1224 | D:2      | Found an ancient bone altar of Kikubaaqudgha.
  1445 | D:3      | Reached XP level 4. HP: 32/38 MP: 6/6
  1578 | D:3      | Reached skill level 3 in Axes
  1637 | D:3      | Found a faded altar of an unknown god.
  1658 | D:3      | Noticed a sky beast
  2111 | D:4      | Noticed a phantom
  2705 | D:3      | Reached skill level 4 in Fighting
  2705 | D:3      | Reached XP level 5. HP: 40/46 MP: 7/7
  2858 | D:3      | Slain by a sky beast

Vault maps used:
D:1:      saegor_arrival_simple_a
D:2:      kiku_gazebo_garden_becter, chequers_temple_overflow_statue_of_worship,
          first_bread
D:3:      chequers_ecumenical_altar_simple
D:4:      makhleb_heckhound_becter, enter_ossuary_2, serial_aquarium,
          aquarium_bridge_square, aquarium_window_corner, aquarium_window_2,
          aquarium_window_fake, aquarium_window_1, aquarium_view_2c,
          aquarium_view_2a, aquarium_balcony_1b, aquarium_pool_1, uniq_pikel,
          uniq_ijyb

Skill      XL: |  1  2  3  4 |
---------------+-------------+-----
Fighting       | 1 2 3 4 |  4.1
Axes           | 1 2 3 |  3.6
Dodging        | |  1.5
Stealth        | |  1.5
Spellcasting   | |  1.5
Transmutations | |  0.6
Earth Magic    | |  3.0

Action                   |  1- 3 |  4- 6 || total
-------------------------+-------+-------++-------
Melee: Unarmed           |    14 |       ||    14
       Hand axe          |    78 |   132 ||   210
 Cast: Sandblast         |    14 |       ||    14
  Use: Potion            |     1 |     1 ||     2
       Scroll            |       |     4 ||     4
 Stab: Sleeping          |     1 |     1 ||     2
  Eat: Chunk             |     2 |     5 ||     7
Armor: Robe              |     4 |       ||     4
       Acid dragon scale |    31 |    65 ||    96
Dodge: Dodged            |    60 |    59 ||   119
Block: Shield            |       |    18 ||    18

Table legend:
 A = Spawn XP
 B = Non-spawn XP
 C = Spawn XP percentage of total XP
 D = Spawn monster count
 E = Non-spawn monster count
 F = Spawn count percentage of total count
 G = Total turns spent on level
                    A         B        C        D         E        F      G
               +---------+---------+-------+---------+---------+-------+---------
         Total |      37 |     138 |  21.1 |      14 |      49 |  22.2 |  2858
               +---------+---------+-------+---------+---------+-------+---------
           D:1 |       5 |      23 |  17.9 |       3 |      13 |  18.8 |   849
           D:2 |      21 |      33 |  38.9 |       5 |      13 |  27.8 |   960
           D:3 |      11 |      82 |  11.8 |       6 |      23 |  20.7 |   990
               +---------+---------+-------+---------+---------+-------+---------
